 Dungeon Crawl Stone Soup version 0.31.0-12-g77e489cdc1 (webtiles) character file.

Game seed: 4923226693730557390

44 jagang the Slasher (level 3, -2/29 HPs)
             Began as a Human Monk on Mar 5, 2024.
             Slain by a gnoll
             ... wielding a +0 club
              (3 damage)
             ... on level 2 of the Dungeon.
             The game lasted 00:01:29 (647 turns).

jagang the Slasher (Human Monk)                      Turns: 647, Time: 00:01:30

Health: -2/29      AC:  2    Str: 11    XL:     3   Next: 62%
Magic:  3/3        EV: 13    Int: 10    God:
Gold:   32         SH:  0    Dex: 17    Spells: 2/2 levels left

rFire   . . .        a - +0 falchion
rCold   . . .        d - orb {light}
rNeg    . . .        b - +0 robe
rPois   .            (no helmet)
rElec   .            (no cloak)
rCorr   .            (no gloves)
SInv    .            (no boots)
Will    .....        (no amulet)
Stlth   +            (no ring)
HPRegen 0.24/turn    (no ring)
MPRegen 0.08/turn

%: no passive effects
@: glowing
A: explore regen
a: no special abilities


You were on level 2 of the Dungeon.
You visited 1 branch of the dungeon, and saw 2 of its levels.

You collected 32 gold pieces.

Inventory:

Hand Weapons
 a - a +0 falchion (weapon)
Missiles
 e - 6 poisoned darts (quivered)
Armour
 b - a +0 robe (worn)
 d - an orb of light (worn)
 f - a +0 buckler
Scrolls
 g - a scroll of blinking {unknown}
Potions
 c - a potion of ambrosia
 h - a potion of haste {unknown}
 i - a potion of enlightenment {unknown}
 j - 2 potions of invisibility {unknown}
 k - a potion of attraction {unknown}


   Skills:
 + Level 3.3 Fighting
 * Level 3.7 Long Blades
 + Level 3.3 Dodging
 + Level 1.0 Shields


You had 2 spell levels left.
You didn't know any spells.
Your spell library was empty.

Dungeon Overview and Level Annotations

Branches:
Dungeon (2/15)

Altars:


Innate Abilities, Weirdness & Mutations

You regain HP and MP as you explore.


Message History

You are too injured to fight recklessly!
You are too injured to fight recklessly!
You are too injured to fight recklessly!
You are too injured to fight recklessly!
You are too injured to fight recklessly!
You are too injured to fight recklessly!
You are too injured to fight recklessly!
You are too injured to fight recklessly!
You are too injured to fight recklessly!
You hit the endoplasm.
The endoplasm is lightly wounded.
The endoplasm freezes you.
You are frozen.
You slash the endoplasm!
You kill the endoplasm!
You completely miss the ball python. The ball python bites you.
The ball python closely misses you. The ball python barely misses you.
The ball python misses you.
You hit the ball python but do no damage.
The ball python bites you.
* * * LOW HITPOINT WARNING * * *
The ball python barely misses you.
You hit the ball python.
You kill the ball python!
You barely miss the gnoll. The gnoll hits you with a +0 club.
* * * LOW HITPOINT WARNING * * *
The gnoll closely misses you. The goblin hits you with a +0 club.
* * * LOW HITPOINT WARNING * * *
You hit the gnoll.
The gnoll is lightly wounded.
The gnoll misses you. The goblin closely misses you.
You hit the gnoll but do no damage.
The gnoll is lightly wounded.
The gnoll misses you. The goblin misses you.
The gnoll attacks as it pursues you! The gnoll hits you with a +0 club.
* * * LOW HITPOINT WARNING * * *
An adder comes into view.
The adder hisses angrily.
The gnoll attacks as it pursues you! The gnoll hits you with a +0 club.
You die...

.........#
#.†..#########
#######..## #......
#.).# ###+#.## .
##.†##### .. #.
#......# ...
###.###†####..# #....
.......)..^)...........
###.#.#.#####..#.#
.........g@....# #
......#g.##....#
......#.#†##.....#
....# #†#BJ#.....# ..##
.###l$##..S. . .#
.##.##... #. #J ).#..#
# #. #...# .# ...


You could see a gnoll, an adder and a goblin.

Vanquished Creatures
  A dart slug (D:2)
  A ribbon worm (D:2)
  4 endoplasms
  4 goblins
  5 hobgoblins
  3 quokkas
  5 ball pythons
  4 bats
  2 frilled lizards (D:1)
  4 kobolds (D:1)
  3 rats (D:1)
36 creatures vanquished.

Notes
Turn   | Place    | Note
-------+----------+-------------------------------------------
     0 | D:1      | jagang the Human Monk began the quest for the Orb.
     0 | D:1      | Reached XP level 1. HP: 18/18 MP: 1/1
    92 | D:1      | Reached XP level 2. HP: 24/24 MP: 2/2
   368 | D:1      | Reached XP level 3. HP: 29/29 MP: 3/3
   628 | D:2      | Reached skill level 1 in Shields
   646 | D:2      | HP: 1/29 [gnoll/+0 club (3)]
   647 | D:2      | Slain by a gnoll

Illustrated notes

Levels and vault maps discovered:
D:1:      dpeg_arrival_tiny_d, layout_rooms, minmay_tetromino_s2
D:2:      layout_basic, minmay_pentomino_pile

Skill      XL: |  1  2  3 |
---------------+----------+-----
Shields        | 1 |  1.0
Fighting       | |  3.3
Long Blades    | |  3.7
Dodging        | |  3.3

Action                     || total
---------------------------++-------
  Melee: Falchion          ||    81
 Armour: Robe              ||    48
  Dodge: Dodged            ||    63
